 Dungeon Crawl Stone Soup version 0.21.1-1-g345015f (webtiles) character file.

28 inc the Ducker (level 3, 16/16 HPs)
             Began as a Felid Transmuter on June 9, 2018.
             Quit the game on level 3 of the Dungeon.
             The game lasted 00:02:41 (1704 turns).

inc the Ducker (Felid Transmuter)                   Turns: 1704, Time: 00:02:42

Health: 16/16      AC:  1    Str:  7    XL:     3   Next: 0%
Magic:  7/7        EV: 20    Int: 14    God:
Gold:   95         SH:  0    Dex: 16    Spells: 5/6 levels left
                                        Lives:  0   Deaths: 1

rFire    + . .     SeeInvis +     - Unarmed
rCold    . . .     Gourm    .   (shield unavailable)
rNeg     . . .     Faith    .   (armour unavailable)
rPois    .         Spirit   .   (helmet unavailable)
rElec    .         Reflect  .   (cloak unavailable)
rCorr    .         Harm     .   (gloves unavailable)
MR       .....                  (boots unavailable)
Stlth    ++........             (no amulet)
HPRegen  0.05/turn              l - ring of protection from fire
MPRegen  0.10/turn              (no ring)

@: quick
A: very small, no armour, no weapons or thrown items, stealth, claws 1, fangs 3,
see invisible, carnivore, speed 1, shaggy fur 1, slow metabolism 1, sharp paws
a: no special abilities


You were on level 3 of the Dungeon.
You were not hungry.

You visited 1 branch of the dungeon, and saw 3 of its levels.

You collected 95 gold pieces.

Inventory:

Missiles
 a - 53 arrows
Jewellery
 l - a ring of protection from fire (left paw)
 n - an uncursed amulet of inaccuracy
Scrolls
 e - a scroll of magic mapping {unknown}
 g - 2 scrolls of remove curse
 i - a scroll of fear {unknown}
 j - a scroll of amnesia {unknown}
 k - a scroll of enchant armour {unknown}
 o - a scroll of fog {unknown}
Potions
 d - a potion of agility {unknown}
 f - 2 potions of heal wounds {unknown}
 h - a potion of haste {unknown}
 m - 2 potions of curing {unknown}
Books
 b - a book of Changes

   Spells                             Type                      Level
   a - Beastly Appendage              Transmutation                1
   b - Sticks to Snakes               Transmutation                2
   c - Spider Form                    Transmutation/Poison         3
   d - Ice Form                       Ice/Transmutation            4
   e - Blade Hands                    Transmutation                5
Comestibles
 c - 3 rations


   Skills:
 + Level 2.2 Fighting
 - Level 5.0 Dodging
 - Level 3.0 Unarmed Combat
 - Level 2.0 Spellcasting
 - Level 2.1 Transmutations


You had 5 spell levels left.
You knew the following spells:

 Your Spells              Type           Power        Failure   Level  Hunger
a - Beastly Appendage     Tmut           #.....       10%         1    ##.....


Dungeon Overview and Level Annotations

Branches:
Dungeon (3/15)

Altars:
Elyvilon
Okawaru

Annotations:
D:3 Ijyb


Innate Abilities, Weirdness & Mutations

You cannot wear armour.
You are incapable of wielding weapons or throwing items.
Your paws allow you to move quietly. (Stealth)
You have sharp claws.
You have razor-sharp teeth.
You have supernaturally acute eyesight. (SInv)
You are carnivorous and can eat meat at any time.
You cover ground quickly.
You are covered in fur. (AC +1)
You have a slow metabolism.
Your sharp claws are effective at attacking unaware monsters.


Message History

Unknown command.
The hobgoblin closely misses you.
You see here a club.
There is a stone staircase leading up here.
An adder comes into view.
A bat comes into view.
Ijyb the Twisted Goblin comes into view.
She is wielding a club.
Found a hand axe.
A goblin comes into view. It is wielding a dagger of holy wrath.
The goblin shouts!
Ijyb shouts!
You miss the bat. The bat misses you. The bat misses you.
The bat closely misses you.
The goblin hits you with a dagger of holy wrath.
* * * LOW HITPOINT WARNING * * *
The bat hits you.
You die...
You are now level 3!
You rejoin the land of the living...
Are you sure you want to abandon this character and quit the game? (Confirm with "yes".)

..
#.
###
#..
#.#
#.#
#@#
#.#
..#
####
. #


There were no monsters in sight!

Vanquished Creatures
  An adder (D:2)
  2 dart slugs (D:1)
  2 leopard geckos (D:2)
  3 orcs (D:3)
  A giant cockroach (D:1)
  7 goblins
  5 hobgoblins
  4 bats
  4 frilled lizards (D:1)
  11 kobolds
  11 rats
  A bush (D:2)
52 creatures vanquished.

Notes
Turn   | Place    | Note
-------+----------+-------------------------------------------
     0 | D:1      | inc the Felid Transmuter began the quest for the Orb.
     0 | D:1      | Reached XP level 1. HP: 9/9 MP: 4/4
    12 | D:1      | Reached skill level 3 in Dodging
   253 | D:1      | Reached XP level 2. HP: 12/12 MP: 6/6
   302 | D:1      | Reached skill level 4 in Dodging
   399 | D:1      | Found an iron altar of Okawaru.
   733 | D:1      | Reached XP level 3. HP: 15/15 MP: 7/7
  1019 | D:2      | Reached skill level 5 in Dodging
  1631 | D:3      | Found a white marble altar of Elyvilon.
  1661 | D:3      | Reached XP level 4. HP: 6/19 MP: 8/8
  1698 | D:3      | Noticed Ijyb
  1703 | D:3      | Slain by a bat
  1704 | D:3      | Reached XP level 3. HP: 0/16 MP: 7/7
  1704 | D:3      | Quit the game

Skill      XL: |  1  2  3 |
---------------+----------+-----
Dodging        | 3 4 5 |  5.0
Fighting       | 2 |  2.2
Unarmed Combat | |  3.0
Spellcasting   | |  2.0
Transmutations | |  2.1

Action                   |  1- 3 |  4- 6 || total
-------------------------+-------+-------++-------
Melee: Unarmed           |   240 |     2 ||   242
       Headbutt          |    17 |       ||    17
       Bite              |    27 |       ||    27
 Cast: Beastly Appendage |    18 |       ||    18
  Use: Scroll            |     1 |       ||     1
 Stab: Sleeping          |     7 |       ||     7
  Eat: Chunk             |     1 |       ||     1
Armor: Skin              |     5 |       ||     5
Dodge: Dodged            |    93 |     4 ||    97
